 Dungeon Crawl Stone Soup version 0.21-a0-538-gd16b88a (webtiles) character file.

80 KeeTraxx the Insei (level 4, -1/28 HPs)
             Began as an Octopode Transmuter on Dec 15, 2017.
             Slain by an ooze (3 damage)
             ... on level 2 of the Dungeon.
             The game lasted 00:02:57 (1533 turns).

KeeTraxx the Insei (Octopode Transmuter)            Turns: 1533, Time: 00:02:58

Health: -1/28      AC:  1    Str:  9    XL:     4   Next: 39%
Magic:  8/8        EV: 13    Int: 16    God:
Gold:   135        SH:  0    Dex: 12    Spells: 7/8 levels left

rFire    . . .     SeeInvis .   d - +0 dagger (venom)
rCold    . . .     Gourm    .   (no shield)
rNeg     . . .     Faith    .   (helmet restricted)
rPois    .         Spirit   .   (no amulet)
rElec    .         Reflect  .   (no ring)
rCorr    .         Harm     .   (no ring)
MR       .....                  (no ring)
Stlth    ++........             (no ring)
HPRegen  0.09/turn              (no ring)
MPRegen  0.11/turn              (no ring)
                                (no ring)
                                (no ring)

@: no status effects
A: almost no armour, stealthy swim, amphibious, 8 rings, constrict 8, camouflage
1, gelatinous body 1
a: no special abilities


You were on level 2 of the Dungeon.
You were not hungry.

You visited 1 branch of the dungeon, and saw 2 of its levels.

You collected 135 gold pieces.

Inventory:

Hand Weapons
 d - a +0 dagger of venom (weapon)
Missiles
 a - 31 arrows
 g - a throwing net (quivered)
 n - 29 sling bullets
Scrolls
 h - a scroll of random uselessness {unknown}
 i - a scroll of fear {unknown}
 j - a scroll of teleportation {unknown}
 l - a scroll of identify {unknown}
 m - a scroll of enchant weapon {unknown}
 q - 3 scrolls of magic mapping {unknown}
Potions
 e - a potion of lignification {unknown}
 f - a potion of brilliance {unknown}
Books
 b - a book of Changes

   Spells                             Type                      Level
   a - Beastly Appendage              Transmutation                1
   b - Sticks to Snakes               Transmutation                2
   c - Spider Form                    Transmutation/Poison         3
   d - Ice Form                       Ice/Transmutation            4
   e - Blade Hands                    Transmutation                5
Comestibles
 c - a bread ration
 k - a fruit
 o - 5 chunks of flesh
 p - a meat ration


   Skills:
 + Level 1.2 Fighting
 - Level 2.0 Dodging
 + Level 4.2 Unarmed Combat
 + Level 2.6 Spellcasting
 + Level 2.4 Transmutations


You had 7 spell levels left.
You knew the following spells:

 Your Spells              Type           Power        Failure   Level  Hunger
a - Beastly Appendage     Tmut           ##....       7%          1    #......


Dungeon Overview and Level Annotations

Branches:
Dungeon (2/15)

Altars:
Dithmenos


Innate Abilities, Weirdness & Mutations

You cannot wear most types of armour.
You are very stealthy in the water. (Stealth+)
You are amphibious.
You can wear up to eight rings at the same time.
You can use your tentacles to constrict eight enemies at once.
Your skin changes colour to match your surroundings (Stealth+).
Your rubbery body absorbs attacks. (AC +1, EV +1)


Message History

The ooze misses you.
The giant cockroach zombie barely misses you.
You hit the giant cockroach zombie. You grab the giant cockroach zombie.
You squeeze the giant cockroach zombie.
The giant cockroach zombie is moderately damaged.
You constrict the giant cockroach zombie.
The ooze hits you.
* * * LOW HITPOINT WARNING * * *
The giant cockroach zombie bites you but does no damage.
You hit the giant cockroach zombie but do no damage.
The giant cockroach zombie is heavily damaged.
You constrict the giant cockroach zombie.
The ooze hits you.
* * * LOW HITPOINT WARNING * * *
The giant cockroach zombie barely misses you.
You hit the giant cockroach zombie but do no damage.
The giant cockroach zombie is severely damaged.
You constrict the giant cockroach zombie.
The ooze hits you.
You die...

........# #.§......###
§........####._§§÷...#..
§...............§.......
.P..............##......
P...............##......
§...........####.......
#.........+..........
#..J.).).............
#..Z@.......8P.....†.
#.........PP.........
#....................
........####..........
........................
.....................###
......###...............
................##..[...
###........(.##......


You could see an ooze and a giant cockroach zombie.

Vanquished Creatures
  An adder (D:2)
  2 adder zombies (D:2)
  An ooze (D:2)
  An adder skeleton (D:2)
  3 dart slugs (D:1)
  2 leopard geckos (D:2)
  2 ball pythons (D:1)
  4 bats (D:1)
  A bat skeleton (D:2)
  A bat zombie (D:2)
  5 giant cockroaches
  6 goblins
  3 hobgoblins
  2 jackals (D:1)
  A ball python zombie (D:2)
  4 frilled lizards
  A giant cockroach zombie (D:2)
  4 kobolds
  A leopard gecko skeleton (D:2)
  A leopard gecko zombie (D:2)
  3 rats
49 creatures vanquished.

Notes
Turn   | Place    | Note
-------+----------+-------------------------------------------
     0 | D:1      | KeeTraxx the Octopode Transmuter began the quest for the Orb.
     0 | D:1      | Reached XP level 1. HP: 13/13 MP: 3/3
    82 | D:1      | Reached XP level 2. HP: 10/18 MP: 3/5
   489 | D:1      | Reached XP level 3. HP: 18/23 MP: 6/6
  1199 | D:2      | Reached skill level 4 in Unarmed Combat
  1358 | D:2      | Reached XP level 4. HP: 24/28 MP: 7/7
  1455 | D:2      | Found a shadowy altar of Dithmenos.
  1533 | D:2      | Slain by an ooze

Vault maps used:
D:1:      minmay_arrival_diagonal_passages
D:2:      grunt_dithmenos_smoke, serial_undead, serial_undead_c,
          serial_undead_f, serial_undead_a, serial_undead_e, serial_undead_f,
          serial_undead_a, serial_undead_e, serial_undead_e,
          minmay_misc_feat_hallway

Skill      XL: |  1  2  3 |
---------------+----------+-----
Unarmed Combat | 4 |  4.2
Fighting       | |  1.2
Dodging        | |  2.0
Spellcasting   | |  2.6
Transmutations | |  2.4

Action                   |  1- 3 |  4- 6 || total
-------------------------+-------+-------++-------
Melee: Dagger            |    83 |    38 ||   121
       Constrict         |    26 |     8 ||    34
       Tentacles         |    18 |     7 ||    25
       Kick              |     8 |     3 ||    11
 Cast: Beastly Appendage |     6 |     1 ||     7
 Stab: Sleeping          |     5 |       ||     5
  Eat: Chunk             |     2 |       ||     2
Armor: Skin              |     7 |     5 ||    12
Dodge: Dodged            |    67 |    32 ||    99

Table legend:
 A = Spawn XP
 B = Non-spawn XP
 C = Spawn XP percentage of total XP
 D = Spawn monster count
 E = Non-spawn monster count
 F = Spawn count percentage of total count
 G = Total turns spent on level
                    A         B        C        D         E        F      G
               +---------+---------+-------+---------+---------+-------+---------
         Total |       0 |     115 |   0.0 |       0 |      49 |   0.0 |  1533
               +---------+---------+-------+---------+---------+-------+---------
           D:1 |       0 |      47 |   0.0 |       0 |      25 |   0.0 |  1169
           D:2 |       0 |      68 |   0.0 |       0 |      24 |   0.0 |   364
               +---------+---------+-------+---------+---------+-------+---------
